Nordiques vs Bruins
(R3)
Created - 7 octobre 2014 at 19:33
Goals
|
| Nordiques |
2 |
2 |
0 |
4 |
| Bruins |
0 |
0 |
1 |
1 |
|
Shots
|
| Nordiques |
18 |
6 |
7 |
31 |
| Bruins |
4 |
7 |
14 |
25 |
|
1st period
1. Nordiques , Ryan Bayda 1 (Andrei Kostitsyn) at 5:00 (PP)
2. Nordiques , Matt Ellison 1 (Patrik Elias) at 10:15
Penalties :
Zdeno Chara (Bos) for Roughing (Double Minor) at 0:25, Matt Hendricks (Bos) for Roughing (Double Minor) at 1:05, Andrei Kostitsyn (Que) for Holding (Minor) at 5:39, Andrei Kostitsyn (Que) for Slashing (Minor) at 11:00, Christoph Schubert (Bos) for Hooking (Minor) at 17:37
2nd period
3. Nordiques , Sergei Samsonov 2 (Mattias Weinhandl, Brooks Laich) at 1:00
4. Nordiques , Sergei Samsonov 3 (Tyler Arnason, Mattias Weinhandl) at 8:15 (PP)
Penalties :
Andrew Alberts (Bos) for Tripping (Minor) at 1:23, Matt Cooke (Bos) for Hooking (Minor) at 8:04, Dainius Zubrus (Bos) for Hooking (Minor) at 12:30, Eric Lindros (Bos) for Interference (Minor) at 15:36
3rd period
5. Bruins , Dave Bolland 1 (Scott Hartnell, Dainius Zubrus) at 8:46
Penalties :
Andrei Kostitsyn (Que) for Hooking (Minor) at 2:25, Jason Demers (Bos) for Tripping (Minor) at 5:27, Jeff Carter (Bos) for Slashing (Minor) at 12:36
Goalie Stats
Jean-Sébastien Giguère (Que), 24 saves from 25 shots - (0,960), W, 2-4-0, 60:00 minutes
Evgeni Nabokov (Bos), 27 saves from 31 shots - (0,871), L, 4-2-0, 60:00 minutes
Players Stats for Nordiques
Player Name G A P +/- PIM S H SB GA TA FO MP PP MP PK MP
------------------------------------------------------------------------------------
Andrei Kostitsyn 0 1 1 -1 6 7 3 0 2 0 1/1 20:53 8:47 0:00
Brooks Laich 0 1 1 -1 0 0 3 2 0 0 14/24 23:31 8:47 2:48
Bryan McCabe 0 0 0 0 0 0 1 2 0 1 0/0 6:23 2:17 1:50
Chris Pronger 0 0 0 -1 0 2 3 0 0 0 0/0 28:15 9:20 3:47
Colin Fraser 0 0 0 0 0 1 1 0 0 0 5/6 7:59 0:00 0:39
Ed Jovanovski 0 0 0 1 0 0 2 0 0 1 0/0 21:43 6:44 0:11
Janne Niskala 0 0 0 0 0 1 4 1 1 1 0/0 15:46 0:46 1:49
Jonathan Cheechoo 0 0 0 0 0 0 0 0 0 0 0/0 7:20 0:00 0:00
Jonathan Matsumoto 0 0 0 1 0 1 0 0 1 0 1/7 8:39 0:00 0:00
Jordan Leopold 0 0 0 1 0 0 3 2 0 0 0/0 22:35 7:31 2:05
Matt Ellison 1 0 1 1 0 5 4 0 0 0 2/3 11:48 0:33 2:30
Matt Smaby 0 0 0 1 0 1 0 4 0 0 0/0 25:05 6:42 2:12
Mattias Weinhandl 0 2 2 1 0 2 2 0 0 1 0/0 16:42 7:20 0:00
Patrik Elias 0 1 1 1 0 2 3 0 0 0 0/0 11:14 0:33 1:48
Peter Prucha 0 0 0 -1 0 1 2 0 1 0 0/1 20:55 8:47 0:50
Ryan Bayda 1 0 1 0 0 4 3 0 0 0 0/0 8:30 0:33 0:08
Sergei Samsonov 2 0 2 1 0 2 3 0 0 0 0/1 20:00 7:20 3:11
Tyler Arnason 0 1 1 1 0 2 0 0 0 0 7/12 16:42 7:20 0:00
Players Stats for Bruins
Player Name G A P +/- PIM S H SB GA TA FO MP PP MP PK MP
------------------------------------------------------------------------------------
Andrew Alberts 0 0 0 0 2 1 0 1 1 1 0/0 28:19 3:42 8:09
Christoph Schubert 0 0 0 0 2 1 1 1 0 0 0/0 10:27 0:00 2:01
Dainius Zubrus 0 1 1 0 2 1 1 0 0 0 0/0 8:15 0:09 0:00
Dave Bolland 1 0 1 0 0 4 1 0 0 0 3/8 13:22 0:00 5:01
Eric Lindros 0 0 0 0 2 3 2 0 2 1 11/22 19:47 2:44 4:19
Jason Demers 0 0 0 0 2 0 1 0 0 0 0/0 17:02 2:15 6:30
Jeff Carter 0 0 0 -1 2 0 0 0 0 0 4/7 13:55 3:04 0:08
Mark Stuart 0 0 0 -1 0 0 2 1 0 1 0/0 22:39 0:00 9:09
Matt Cooke 0 0 0 0 2 3 1 0 0 0 0/0 6:45 0:09 0:55
Matt Hendricks 0 0 0 0 4 0 1 0 0 0 4/12 12:14 0:00 6:44
Richard Zednik 0 0 0 0 0 0 1 0 0 0 0/0 5:30 0:00 0:00
Ryan O'Byrne 0 0 0 -1 0 0 0 2 0 0 0/0 22:48 2:15 7:31
Scott Hartnell 0 1 1 0 0 5 2 0 0 0 0/0 11:00 3:04 0:00
Victor Oreskovich 0 0 0 -1 0 1 2 0 0 0 0/0 13:43 3:04 0:00
Viktor Stalberg 0 0 0 -1 0 3 1 0 0 0 0/1 10:56 0:09 0:00
Vitali Yachmenev 0 0 0 0 0 0 2 1 0 0 2/2 19:54 2:44 4:26
Wojtek Wolski 0 0 0 0 0 3 1 0 1 1 1/3 24:05 2:44 8:27
Zdeno Chara 0 0 0 0 4 0 2 0 0 1 0/0 19:11 3:42 0:00
3 Stars
1 - Sergei Samsonov (Que)
2 - Jean-Sébastien Giguère (Que)
3 - Matt Ellison (Que)
Power Play
Nordiques - 2 on 11 Attempt(s) - 18,18%
Bruins - 0 on 3 Attempt(s) - 0,00%
Penalty Kill
Nordiques - 3 on 3 Attempt(s) - 100,00%
- Score 0 goal in Penalty Kill
Bruins - 9 on 11 Attempt(s) - 81,82%
- Score 0 goal in Penalty Kill
Official
Referees : Kowal Tom and StPierre Justin
Linesman : Derek Amell and Greg Devorski
Game Notes
Bryan McCabe is injured at 11:48 of 1st period (Facial Surgery)
Finance
Level 1 -- Attendance: 4775 (79,58%) -- Ticket Income 472 725 $
Level 2 -- Attendance: 3569 (71,38%) -- Ticket Income 210 571 $
Level 3 -- Attendance: 1778 (88,90%) -- Ticket Income 51 562 $
Level 4 -- Attendance: 4000 (100,00%) -- Ticket Income 76 000 $
Luxury Box -- Attendance: 775 (77,50%) -- Ticket Income 146 475 $
Game was played at the TD Banknorth Garden
Total Attendance: 14897 (82,76%)
Total Ticket Income: 957 333 $
Other Income: 143 600 $
Total Income: 1 100 933 $
Nordiques
5 vs 5 Forward
Center Left Wing Right Wing Time % Phy DF OF
1 Brooks Laich Andrei Kostitsyn Peter Prucha 40 0 2 3
2 Tyler Arnason Sergei Samsonov Mattias Weinhandl 30 0 2 3
3 Jonathan Matsumoto Patrik Elias Matt Ellison 20 1 2 2
4 Colin Fraser Ryan Bayda Jonathan Cheechoo 10 1 2 2
5 vs 5 Defense
Defense Defense Time % Phy DF OF
1 Chris Pronger Bryan McCabe 40 1 2 2
2 Matt Smaby Jordan Leopold 30 1 2 2
3 Ed Jovanovski Janne Niskala 20 1 2 2
4 Chris Pronger Bryan McCabe 10 1 2 2
PowerPlay Forward
Center Left Wing Right Wing Time % Phy DF OF
1 Brooks Laich Andrei Kostitsyn Peter Prucha 60 0 1 4
2 Tyler Arnason Sergei Samsonov Mattias Weinhandl 40 0 1 4
PowerPlay Defense
Defense Defense Time % Phy DF OF
1 Chris Pronger Bryan McCabe 60 0 2 3
2 Matt Smaby Jordan Leopold 40 0 2 3
Penalty Kill 4 Players Forward
Center Wing Time % Phy DF OF
1 Andrei Kostitsyn Sergei Samsonov 60 1 3 1
2 Brooks Laich Peter Prucha 40 1 3 1
Penalty Kill 4 Players Defense
Defense Defense Time % Phy DF OF
1 Chris Pronger Bryan McCabe 60 1 3 1
2 Matt Smaby Jordan Leopold 40 1 3 1
Penalty Kill - 3 Players Forward
Forward Time % Phy DF OF
1 Andrei Kostitsyn 60 1 3 1
2 Sergei Samsonov 40 1 3 1
Penalty Kill - 3 Players Defense
Defense Defense Time % Phy DF OF
1 Chris Pronger Bryan McCabe 60 1 3 1
2 Matt Smaby Jordan Leopold 40 1 3 1
4 vs 4 Forward
Center Wing Time % Phy DF OF
1 Andrei Kostitsyn Sergei Samsonov 60 1 2 2
2 Brooks Laich Peter Prucha 40 1 2 2
4 vs 4 Defense
Defense Defense Time % Phy DF OF
1 Chris Pronger Bryan McCabe 60 1 2 2
2 Matt Smaby Jordan Leopold 40 1 2 2
Last Minutes Offensive
Center Left Wing Right Wing Defense Defense
Brooks Laich Andrei Kostitsyn Peter Prucha Chris Pronger Bryan McCabe
Last Minutes Defensive
Center Left Wing Right Wing Defense Defense
Brooks Laich Andrei Kostitsyn Peter Prucha Chris Pronger Bryan McCabe
Goaltenders
Starting : Jean-Sébastien Giguère
Backup : Mike Smith
Extra Forwards
Normal : Patrik Elias, Ryan Bayda, Matt Ellison - PP : Patrik Elias, Ryan Bayda - PK : Matt Ellison
Extra Defensemen
Normal : Ed Jovanovski, Janne Niskala, Matt Smaby - PP : Ed Jovanovski - PK : Janne Niskala, Matt Smaby
Penalty Shots
Andrei Kostitsyn, Sergei Samsonov, Brooks Laich, Peter Prucha, Patrik Elias
Bruins
5 vs 5 Forward
Center Left Wing Right Wing Time % Phy DF OF
1 Eric Lindros Wojtek Wolski Vitali Yachmenev 40 0 2 3
2 Jeff Carter Viktor Stalberg Victor Oreskovich 30 0 2 3
3 Dave Bolland Scott Hartnell Dainius Zubrus 20 1 2 2
4 Matt Hendricks Matt Cooke Richard Zednik 10 1 2 2
5 vs 5 Defense
Defense Defense Time % Phy DF OF
1 Andrew Alberts Zdeno Chara 40 1 2 2
2 Ryan O'Byrne Mark Stuart 30 1 2 2
3 Jason Demers Christoph Schubert 20 1 2 2
4 Andrew Alberts Jason Demers 10 1 2 2
PowerPlay Forward
Center Left Wing Right Wing Time % Phy DF OF
1 Eric Lindros Wojtek Wolski Vitali Yachmenev 60 0 2 3
2 Jeff Carter Scott Hartnell Victor Oreskovich 40 0 2 3
PowerPlay Defense
Defense Defense Time % Phy DF OF
1 Andrew Alberts Zdeno Chara 60 0 2 3
2 Ryan O'Byrne Jason Demers 40 0 2 3
Penalty Kill 4 Players Forward
Center Wing Time % Phy DF OF
1 Matt Hendricks Wojtek Wolski 60 1 2 2
2 Eric Lindros Vitali Yachmenev 40 1 2 2
Penalty Kill 4 Players Defense
Defense Defense Time % Phy DF OF
1 Andrew Alberts Mark Stuart 60 1 2 2
2 Ryan O'Byrne Jason Demers 40 1 2 2
Penalty Kill - 3 Players Forward
Forward Time % Phy DF OF
1 Matt Hendricks 60 1 2 2
2 Wojtek Wolski 40 1 2 2
Penalty Kill - 3 Players Defense
Defense Defense Time % Phy DF OF
1 Andrew Alberts Mark Stuart 60 1 2 2
2 Ryan O'Byrne Jason Demers 40 1 2 2
4 vs 4 Forward
Center Wing Time % Phy DF OF
1 Eric Lindros Wojtek Wolski 60 1 2 2
2 Jeff Carter Scott Hartnell 40 1 2 2
4 vs 4 Defense
Defense Defense Time % Phy DF OF
1 Andrew Alberts Zdeno Chara 60 1 2 2
2 Ryan O'Byrne Mark Stuart 40 1 2 2
Last Minutes Offensive
Center Left Wing Right Wing Defense Defense
Eric Lindros Wojtek Wolski Vitali Yachmenev Andrew Alberts Zdeno Chara
Last Minutes Defensive
Center Left Wing Right Wing Defense Defense
Eric Lindros Wojtek Wolski Vitali Yachmenev Andrew Alberts Zdeno Chara
Goaltenders
Starting : Evgeni Nabokov
Backup : Karri Ramo
Extra Forwards
Normal : Jeff Carter, Wojtek Wolski, Eric Lindros - PP : Viktor Stalberg, Victor Oreskovich - PK : Dave Bolland
Extra Defensemen
Normal : Jason Demers, Christoph Schubert, Ryan O'Byrne - PP : Jason Demers - PK : Christoph Schubert, Ryan O'Byrne
Penalty Shots
Eric Lindros, Wojtek Wolski, Viktor Stalberg, Jeff Carter, Scott Hartnell
% Time on Ice - Nordiques
Lines # - Real PCT - Wanted PCT - Time Play
Normal Forward
1 - 32% - 40% - 12:02
2 - 25% - 30% - 9:22
3 - 23% - 20% - 8:39
4 - 20% - 10% - 7:20
Normal Defense
1 - 49% - 40% - 18:12
2 - 34% - 30% - 12:45
3 - 16% - 20% - 6:05
4 - 1% - 10% - 0:21
PP Forward
1 - 56% - 60% - 9:20
2 - 44% - 40% - 7:20
PP Defense
1 - 60% - 60% - 9:58
2 - 40% - 40% - 6:42
PK Forward
1 - 86% - 60% - 5:07
2 - 14% - 40% - 0:50
PK Defense
1 - 67% - 60% - 3:58
2 - 33% - 40% - 1:59
PK3 Forward
1 - 0% - 60%
2 - 0% - 40%
PK3 Defense
1 - 0% - 60%
2 - 0% - 40%
44 Forward
1 - 0% - 60%
2 - 0% - 40%
44 Defense
1 - 0% - 60%
2 - 0% - 40%
Last Minute Offensive - 0:00
Last Minute Defensive - 0:00
Total
Forward - 60:00
Defense - 60:00
|
% Time on Ice - Bruins
Lines # - Real PCT - Wanted PCT - Time Play
Normal Forward
1 - 35% - 40% - 13:06
2 - 29% - 30% - 10:51
3 - 21% - 20% - 7:56
4 - 15% - 10% - 5:30
Normal Defense
1 - 44% - 40% - 16:33
2 - 35% - 30% - 13:02
3 - 21% - 20% - 7:48
4 - 0% - 10% - 0:00
PP Forward
1 - 48% - 60% - 2:53
2 - 52% - 40% - 3:04
PP Defense
1 - 62% - 60% - 3:42
2 - 38% - 40% - 2:15
PK Forward
1 - 67% - 60% - 8:55
2 - 33% - 40% - 4:26
PK Defense
1 - 54% - 60% - 7:15
2 - 46% - 40% - 6:06
PK3 Forward
1 - 63% - 60% - 2:05
2 - 37% - 40% - 1:14
PK3 Defense
1 - 51% - 60% - 1:42
2 - 49% - 40% - 1:37
44 Forward
1 - 0% - 60%
2 - 0% - 40%
44 Defense
1 - 0% - 60%
2 - 0% - 40%
Last Minute Offensive - 0:00
Last Minute Defensive - 0:00
Total
Forward - 60:00
Defense - 60:00
|
Play by Play
1st period
0:01 of 1st period - Brooks Laich wins face-off versus Eric Lindros in neutral zone.
0:04 of 1st period - Snap shot by Andrei Kostitsyn.
0:04 of 1st period - Stopped by Evgeni Nabokov with a rebound.
0:06 of 1st period - Wrist shot by Andrei Kostitsyn.
0:06 of 1st period - Stopped by Evgeni Nabokov without a rebound.
0:07 of 1st period - Eric Lindros wins face-off versus Brooks Laich in Bruins zone.
0:20 of 1st period - Snap shot by Vitali Yachmenev.
0:20 of 1st period - Shot Misses the Net.
0:25 of 1st period - Double Minor Penalty to Zdeno Chara for Roughing.
0:26 of 1st period - Matt Hendricks wins face-off versus Brooks Laich in Bruins zone.
0:41 of 1st period - Snap shot by Wojtek Wolski.
0:41 of 1st period - Stopped by Jean-Sébastien Giguère without a rebound.
0:42 of 1st period - Eric Lindros wins face-off versus Tyler Arnason in Nordiques zone.
0:45 of 1st period - Snap shot by Vitali Yachmenev.
0:45 of 1st period - Shot Blocked by Matt Smaby.
1:05 of 1st period - Double Minor Penalty to Matt Hendricks for Roughing.
1:06 of 1st period - Dave Bolland wins face-off versus Brooks Laich in Bruins zone.
1:33 of 1st period - Chris Pronger is hit by Mark Stuart and loses puck.
2:24 of 1st period - Chris Pronger is hit by Eric Lindros and loses puck.
3:12 of 1st period - Jason Demers is hit by Andrei Kostitsyn and loses puck.
3:23 of 1st period - Backhand shot by Brooks Laich.
3:23 of 1st period - Shot Misses the Net.
3:25 of 1st period - Snap shot by Andrei Kostitsyn.
3:25 of 1st period - Stopped by Evgeni Nabokov without a rebound.
3:26 of 1st period - Wojtek Wolski wins face-off versus Tyler Arnason in Bruins zone.
4:11 of 1st period - Wojtek Wolski is hit by Ryan Bayda and loses puck.
4:20 of 1st period - Slapshot by Matt Smaby.
4:20 of 1st period - Deflect By Ryan Bayda.
4:20 of 1st period - Shot Blocked by Andrew Alberts.
4:20 of 1st period - Puck is out of play.
4:21 of 1st period - Brooks Laich wins face-off versus Dave Bolland in Bruins zone.
4:25 of 1st period - Penalty to Zdeno Chara is over, Zdeno Chara is back on ice.
5:00 of 1st period - Snap shot by Ryan Bayda.
5:00 of 1st period - Goal by Ryan Bayda - Nordiques : 1 - Bruins : 0.
5:01 of 1st period - Jeff Carter wins face-off versus Jonathan Matsumoto in neutral zone.
5:26 of 1st period - Eric Lindros is hit by Brooks Laich and loses puck.
5:39 of 1st period - Minor Penalty to Andrei Kostitsyn for Holding.
5:40 of 1st period - Eric Lindros wins face-off versus Matt Ellison in Nordiques zone.
7:23 of 1st period - Victor Oreskovich is hit by Bryan McCabe and loses puck.
7:39 of 1st period - Penalty to Andrei Kostitsyn is over, Andrei Kostitsyn is back on ice.
7:40 of 1st period - Andrei Kostitsyn is hit by Zdeno Chara.
7:46 of 1st period - Slapshot by Viktor Stalberg.
7:46 of 1st period - Stopped by Jean-Sébastien Giguère without a rebound.
7:47 of 1st period - Colin Fraser wins face-off versus Matt Hendricks in Nordiques zone.
7:47 of 1st period - Colin Fraser is hit by Richard Zednik.
7:57 of 1st period - Wrist shot by Ryan Bayda.
7:57 of 1st period - Deflect By Colin Fraser.
7:57 of 1st period - Shot Misses the Net.
7:57 of 1st period - Puck is out of play.
7:58 of 1st period - Tyler Arnason wins face-off versus Eric Lindros in Bruins zone.
8:48 of 1st period - Snap shot by Scott Hartnell.
8:48 of 1st period - Shot Blocked by Bryan McCabe.
8:50 of 1st period - Slapshot by Andrew Alberts.
8:50 of 1st period - Shot Misses the Net.
9:14 of 1st period - Snap shot by Matt Cooke.
9:14 of 1st period - Stopped by Jean-Sébastien Giguère with a rebound.
9:34 of 1st period - Wrist shot by Ryan Bayda.
9:34 of 1st period - Shot Misses the Net.
9:38 of 1st period - Snap shot by Ryan Bayda.
9:38 of 1st period - Stopped by Evgeni Nabokov with a rebound.
9:40 of 1st period - Slapshot by Matt Smaby.
9:40 of 1st period - Shot Blocked by Vitali Yachmenev.
9:42 of 1st period - Slapshot by Matt Smaby.
9:42 of 1st period - Shot Blocked by Mark Stuart.
10:11 of 1st period - Wrist shot by Matt Ellison.
10:11 of 1st period - Stopped by Evgeni Nabokov with a rebound.
10:13 of 1st period - Slapshot by Matt Ellison.
10:13 of 1st period - Stopped by Evgeni Nabokov with a rebound.
10:15 of 1st period - Snap shot by Matt Ellison.
10:15 of 1st period - Goal by Matt Ellison - Nordiques : 2 - Bruins : 0.
10:16 of 1st period - Brooks Laich wins face-off versus Eric Lindros in neutral zone.
10:23 of 1st period - Snap shot by Peter Prucha.
10:23 of 1st period - Stopped by Evgeni Nabokov with a rebound.
10:25 of 1st period - Backhand shot by Matt Smaby.
10:25 of 1st period - Stopped by Evgeni Nabokov without a rebound.
10:26 of 1st period - Brooks Laich wins face-off versus Eric Lindros in Bruins zone.
10:50 of 1st period - Wrist shot by Wojtek Wolski.
10:50 of 1st period - Shot Blocked by Matt Smaby.
10:58 of 1st period - Snap shot by Wojtek Wolski.
10:58 of 1st period - Shot Misses the Net.
11:00 of 1st period - Minor Penalty to Andrei Kostitsyn for Slashing.
11:01 of 1st period - Matt Ellison wins face-off versus Jeff Carter in Nordiques zone.
11:01 of 1st period - Matt Ellison is hit by Victor Oreskovich.
11:36 of 1st period - Backhand shot by Jeff Carter.
11:36 of 1st period - Shot Misses the Net.
11:42 of 1st period - Wrist shot by Scott Hartnell.
11:42 of 1st period - Stopped by Jean-Sébastien Giguère with a rebound.
11:44 of 1st period - Snap shot by Jeff Carter.
11:44 of 1st period - Shot Misses the Net.
11:46 of 1st period - Wrist shot by Jeff Carter.
11:46 of 1st period - Shot Misses the Net.
11:48 of 1st period - Snap shot by Andrew Alberts.
11:48 of 1st period - Shot Blocked by Bryan McCabe.
11:48 of 1st period - Bryan McCabe from Nordiques is injured at 11:48 of 1st period (Facial Surgery).
11:49 of 1st period - Matt Ellison wins face-off versus Eric Lindros in Nordiques zone.
11:49 of 1st period - Matt Ellison is hit by Zdeno Chara.
13:00 of 1st period - Penalty to Andrei Kostitsyn is over, Andrei Kostitsyn is back on ice.
13:32 of 1st period - Mark Stuart is hit by Patrik Elias and loses puck.
13:37 of 1st period - Snap shot by Matt Ellison.
13:37 of 1st period - Stopped by Evgeni Nabokov with a rebound.
13:39 of 1st period - Slapshot by Patrik Elias.
13:39 of 1st period - Shot Blocked by Ryan O'Byrne.
13:56 of 1st period - Wrist shot by Dainius Zubrus.
13:56 of 1st period - Shot Misses the Net.
13:58 of 1st period - Slapshot by Dave Bolland.
13:58 of 1st period - Deflect By Scott Hartnell.
13:58 of 1st period - Shot Blocked by Janne Niskala.
13:58 of 1st period - Puck is out of play.
13:59 of 1st period - Brooks Laich wins face-off versus Viktor Stalberg in Nordiques zone.
14:29 of 1st period - Wrist shot by Wojtek Wolski.
14:29 of 1st period - Deflect By Eric Lindros.
14:29 of 1st period - Shot Blocked by Jordan Leopold.
14:29 of 1st period - Puck is out of play.
14:30 of 1st period - Tyler Arnason wins face-off versus Eric Lindros in Nordiques zone.
14:35 of 1st period - Zdeno Chara is hit by Sergei Samsonov and loses puck.
15:04 of 1st period - Wrist shot by Patrik Elias.
15:04 of 1st period - Shot Misses the Net.
16:05 of 1st period - Slapshot by Ryan Bayda.
16:05 of 1st period - Stopped by Evgeni Nabokov with a rebound.
16:07 of 1st period - Snap shot by Chris Pronger.
16:07 of 1st period - Stopped by Evgeni Nabokov with a rebound.
16:33 of 1st period - Ryan O'Byrne is hit by Peter Prucha.
16:47 of 1st period - Wrist shot by Patrik Elias.
16:47 of 1st period - Stopped by Evgeni Nabokov with a rebound.
16:49 of 1st period - Slapshot by Matt Ellison.
16:49 of 1st period - Stopped by Evgeni Nabokov with a rebound.
16:53 of 1st period - Slapshot by Jonathan Matsumoto.
16:53 of 1st period - Stopped by Evgeni Nabokov without a rebound.
16:54 of 1st period - Tyler Arnason wins face-off versus Dave Bolland in Bruins zone.
17:37 of 1st period - Minor Penalty to Christoph Schubert for Hooking.
17:38 of 1st period - Matt Hendricks wins face-off versus Brooks Laich in Bruins zone.
17:38 of 1st period - Matt Hendricks is hit by Brooks Laich.
17:50 of 1st period - Slapshot by Andrei Kostitsyn.
17:50 of 1st period - Stopped by Evgeni Nabokov with a rebound.
17:52 of 1st period - Slapshot by Chris Pronger.
17:52 of 1st period - Stopped by Evgeni Nabokov without a rebound.
17:53 of 1st period - Brooks Laich wins face-off versus Matt Hendricks in Bruins zone.
19:28 of 1st period - Andrew Alberts is hit by Andrei Kostitsyn.
19:37 of 1st period - Penalty to Christoph Schubert is over, Christoph Schubert is back on ice.
19:51 of 1st period - Slapshot by Andrew Alberts.
19:51 of 1st period - Shot Misses the Net.
19:57 of 1st period - Mark Stuart is hit by Matt Ellison and loses puck.
Goals for this period are 2 for Nordiques vs 0 for Bruins.
Shots for this period are 18 for Nordiques vs 4 for Bruins.
2nd period
0:01 of 2nd period - Vitali Yachmenev wins face-off versus Brooks Laich in neutral zone.
1:00 of 2nd period - Snap shot by Mattias Weinhandl.
1:00 of 2nd period - Deflect By Sergei Samsonov.
1:00 of 2nd period - Goal by Sergei Samsonov - Nordiques : 3 - Bruins : 0.
1:01 of 2nd period - Eric Lindros wins face-off versus Tyler Arnason in neutral zone.
1:23 of 2nd period - Minor Penalty to Andrew Alberts for Tripping.
1:24 of 2nd period - Matt Hendricks wins face-off versus Brooks Laich in Bruins zone.
2:07 of 2nd period - Backhand shot by Eric Lindros.
2:07 of 2nd period - Stopped by Jean-Sébastien Giguère with a rebound.
3:22 of 2nd period - Wojtek Wolski is hit by Janne Niskala and loses puck.
3:23 of 2nd period - Penalty to Andrew Alberts is over, Andrew Alberts is back on ice.
4:57 of 2nd period - Janne Niskala is hit by Jason Demers and loses puck.
5:13 of 2nd period - Andrei Kostitsyn is hit by Matt Hendricks and loses puck.
5:24 of 2nd period - Mark Stuart is hit by Colin Fraser and loses puck.
5:53 of 2nd period - Snap shot by Patrik Elias.
5:53 of 2nd period - Stopped by Evgeni Nabokov without a rebound.
5:54 of 2nd period - Dave Bolland wins face-off versus Jonathan Matsumoto in Bruins zone.
5:54 of 2nd period - Dave Bolland is hit by Matt Ellison.
6:00 of 2nd period - Slapshot by Ryan O'Byrne.
6:00 of 2nd period - Shot Misses the Net.
6:16 of 2nd period - Scott Hartnell is hit by Mattias Weinhandl and loses puck.
6:29 of 2nd period - Sergei Samsonov is hit by Scott Hartnell and loses puck.
6:48 of 2nd period - Snap shot by Dave Bolland.
6:48 of 2nd period - Stopped by Jean-Sébastien Giguère without a rebound.
6:49 of 2nd period - Brooks Laich wins face-off versus Wojtek Wolski in Nordiques zone.
7:19 of 2nd period - Wrist shot by Matt Cooke.
7:19 of 2nd period - Stopped by Jean-Sébastien Giguère with a rebound.
7:31 of 2nd period - Andrew Alberts is hit by Ed Jovanovski and loses puck.
8:04 of 2nd period - Minor Penalty to Matt Cooke for Hooking.
8:05 of 2nd period - Tyler Arnason wins face-off versus Matt Hendricks in Bruins zone.
8:15 of 2nd period - Snap shot by Sergei Samsonov.
8:15 of 2nd period - Goal by Sergei Samsonov - Nordiques : 4 - Bruins : 0.
8:16 of 2nd period - Eric Lindros wins face-off versus Tyler Arnason in neutral zone.
8:52 of 2nd period - Viktor Stalberg is hit by Matt Ellison and loses puck.
9:47 of 2nd period - Slapshot by Matt Cooke.
9:47 of 2nd period - Stopped by Jean-Sébastien Giguère without a rebound.
9:48 of 2nd period - Colin Fraser wins face-off versus Matt Hendricks in Nordiques zone.
10:19 of 2nd period - Chris Pronger is hit by Wojtek Wolski and loses puck.
10:36 of 2nd period - Victor Oreskovich is hit by Janne Niskala and loses puck.
10:43 of 2nd period - Janne Niskala is hit by Victor Oreskovich and loses puck.
11:02 of 2nd period - Janne Niskala is hit by Dainius Zubrus and loses puck.
11:15 of 2nd period - Slapshot by Janne Niskala.
11:15 of 2nd period - Stopped by Evgeni Nabokov without a rebound.
11:16 of 2nd period - Colin Fraser wins face-off versus Matt Hendricks in Bruins zone.
12:10 of 2nd period - Mark Stuart is hit by Janne Niskala.
12:30 of 2nd period - Minor Penalty to Dainius Zubrus for Hooking.
12:31 of 2nd period - Matt Hendricks wins face-off versus Brooks Laich in Bruins zone.
14:30 of 2nd period - Penalty to Dainius Zubrus is over, Dainius Zubrus is back on ice.
14:40 of 2nd period - Victor Oreskovich is hit by Matt Ellison.
14:44 of 2nd period - Matt Ellison is hit by Viktor Stalberg and loses puck.
15:01 of 2nd period - Backhand shot by Zdeno Chara.
15:01 of 2nd period - Shot Blocked by Jordan Leopold.
15:03 of 2nd period - Snap shot by Dave Bolland.
15:03 of 2nd period - Shot Hit the Post.
15:05 of 2nd period - Snap shot by Dave Bolland.
15:05 of 2nd period - Shot Misses the Net.
15:07 of 2nd period - Snap shot by Dave Bolland.
15:07 of 2nd period - Stopped by Jean-Sébastien Giguère with a rebound.
15:09 of 2nd period - Snap shot by Scott Hartnell.
15:09 of 2nd period - Stopped by Jean-Sébastien Giguère without a rebound.
15:10 of 2nd period - Eric Lindros wins face-off versus Colin Fraser in Nordiques zone.
15:19 of 2nd period - Snap shot by Wojtek Wolski.
15:19 of 2nd period - Stopped by Jean-Sébastien Giguère without a rebound.
15:20 of 2nd period - Colin Fraser wins face-off versus Eric Lindros in Nordiques zone.
15:31 of 2nd period - Slapshot by Ryan Bayda.
15:31 of 2nd period - Stopped by Evgeni Nabokov without a rebound.
15:32 of 2nd period - Brooks Laich wins face-off versus Eric Lindros in Bruins zone.
15:33 of 2nd period - Slapshot by Andrei Kostitsyn.
15:33 of 2nd period - Deflect By Vitali Yachmenev.
15:33 of 2nd period - Stopped by Evgeni Nabokov without a rebound.
15:34 of 2nd period - Vitali Yachmenev wins face-off versus Brooks Laich in Bruins zone.
15:36 of 2nd period - Minor Penalty to Eric Lindros for Interference.
15:37 of 2nd period - Brooks Laich wins face-off versus Matt Hendricks in Bruins zone.
16:43 of 2nd period - Dave Bolland is hit by Jordan Leopold and loses puck.
17:36 of 2nd period - Penalty to Eric Lindros is over, Eric Lindros is back on ice.
17:42 of 2nd period - Andrew Alberts is hit by Jordan Leopold.
18:24 of 2nd period - Ryan O'Byrne is hit by Patrik Elias and loses puck.
18:43 of 2nd period - Victor Oreskovich is hit by Jordan Leopold and loses puck.
19:31 of 2nd period - Matt Cooke is hit by Sergei Samsonov.
19:45 of 2nd period - Andrei Kostitsyn is hit by Eric Lindros and loses puck.
Goals for this period are 2 for Nordiques vs 0 for Bruins.
Shots for this period are 6 for Nordiques vs 7 for Bruins.
3rd period
0:01 of 3rd period - Brooks Laich wins face-off versus Wojtek Wolski in neutral zone.
0:36 of 3rd period - Snap shot by Mattias Weinhandl.
0:36 of 3rd period - Stopped by Evgeni Nabokov with a rebound.
0:38 of 3rd period - Wrist shot by Tyler Arnason.
0:38 of 3rd period - Shot Misses the Net.
1:42 of 3rd period - Wrist shot by Andrei Kostitsyn.
1:42 of 3rd period - Stopped by Evgeni Nabokov without a rebound.
1:43 of 3rd period - Tyler Arnason wins face-off versus Eric Lindros in Bruins zone.
1:52 of 3rd period - Snap shot by Mattias Weinhandl.
1:52 of 3rd period - Stopped by Evgeni Nabokov with a rebound.
1:54 of 3rd period - Wrist shot by Tyler Arnason.
1:54 of 3rd period - Shot Misses the Net.
1:56 of 3rd period - Snap shot by Tyler Arnason.
1:56 of 3rd period - Stopped by Evgeni Nabokov with a rebound.
2:08 of 3rd period - Victor Oreskovich is hit by Peter Prucha and loses puck.
2:19 of 3rd period - Wrist shot by Viktor Stalberg.
2:19 of 3rd period - Stopped by Jean-Sébastien Giguère with a rebound.
2:25 of 3rd period - Minor Penalty to Andrei Kostitsyn for Hooking.
2:26 of 3rd period - Eric Lindros wins face-off versus Sergei Samsonov in Nordiques zone.
2:31 of 3rd period - Backhand shot by Wojtek Wolski.
2:31 of 3rd period - Shot Misses the Net.
2:33 of 3rd period - Slapshot by Andrew Alberts.
2:33 of 3rd period - Stopped by Jean-Sébastien Giguère with a rebound.
2:51 of 3rd period - Andrew Alberts is hit by Chris Pronger and loses puck.
4:25 of 3rd period - Penalty to Andrei Kostitsyn is over, Andrei Kostitsyn is back on ice.
4:47 of 3rd period - Snap shot by Andrei Kostitsyn.
4:47 of 3rd period - Stopped by Evgeni Nabokov without a rebound.
4:48 of 3rd period - Tyler Arnason wins face-off versus Dave Bolland in Bruins zone.
4:53 of 3rd period - Wrist shot by Sergei Samsonov.
4:53 of 3rd period - Deflect By Mattias Weinhandl.
4:53 of 3rd period - Shot Misses the Net.
4:53 of 3rd period - Puck is out of play.
4:54 of 3rd period - Tyler Arnason wins face-off versus Dave Bolland in Bruins zone.
5:16 of 3rd period - Off-side.
5:17 of 3rd period - Jeff Carter wins face-off versus Jonathan Matsumoto in neutral zone.
5:27 of 3rd period - Minor Penalty to Jason Demers for Tripping.
5:28 of 3rd period - Brooks Laich wins face-off versus Matt Hendricks in Bruins zone.
5:32 of 3rd period - Snap shot by Andrei Kostitsyn.
5:32 of 3rd period - Shot Misses the Net.
6:04 of 3rd period - Snap shot by Sergei Samsonov.
6:04 of 3rd period - Shot Blocked by Ryan O'Byrne.
6:34 of 3rd period - Wojtek Wolski is hit by Andrei Kostitsyn and loses puck.
6:47 of 3rd period - Eric Lindros is hit by Sergei Samsonov and loses puck.
7:00 of 3rd period - Dave Bolland is hit by Chris Pronger.
7:27 of 3rd period - Penalty to Jason Demers is over, Jason Demers is back on ice.
7:38 of 3rd period - Wrist shot by Ryan Bayda.
7:38 of 3rd period - Deflect By Jonathan Cheechoo.
7:38 of 3rd period - Shot Blocked by Christoph Schubert.
7:38 of 3rd period - Puck is out of play.
7:39 of 3rd period - Colin Fraser wins face-off versus Jeff Carter in Bruins zone.
7:52 of 3rd period - Wrist shot by Viktor Stalberg.
7:52 of 3rd period - Stopped by Jean-Sébastien Giguère without a rebound.
7:53 of 3rd period - Jonathan Matsumoto wins face-off versus Jeff Carter in Nordiques zone.
7:58 of 3rd period - Christoph Schubert is hit by Patrik Elias and loses puck.
8:23 of 3rd period - Eric Lindros is hit by Mattias Weinhandl and loses puck.
8:42 of 3rd period - Wrist shot by Dave Bolland.
8:42 of 3rd period - Shot Misses the Net.
8:44 of 3rd period - Wrist shot by Dave Bolland.
8:44 of 3rd period - Stopped by Jean-Sébastien Giguère with a rebound.
8:46 of 3rd period - Wrist shot by Scott Hartnell.
8:46 of 3rd period - Deflect By Dave Bolland.
8:46 of 3rd period - Goal by Dave Bolland - Nordiques : 4 - Bruins : 1.
8:47 of 3rd period - Eric Lindros wins face-off versus Brooks Laich in neutral zone.
8:50 of 3rd period - Backhand shot by Eric Lindros.
8:50 of 3rd period - Stopped by Jean-Sébastien Giguère without a rebound.
8:51 of 3rd period - Brooks Laich wins face-off versus Eric Lindros in Nordiques zone.
8:51 of 3rd period - Brooks Laich is hit by Vitali Yachmenev.
9:07 of 3rd period - Wrist shot by Wojtek Wolski.
9:07 of 3rd period - Shot Blocked by Brooks Laich.
9:17 of 3rd period - Slapshot by Janne Niskala.
9:17 of 3rd period - Deflect By Tyler Arnason.
9:17 of 3rd period - Stopped by Evgeni Nabokov without a rebound.
9:18 of 3rd period - Jeff Carter wins face-off versus Tyler Arnason in Bruins zone.
10:45 of 3rd period - Slapshot by Ryan O'Byrne.
10:45 of 3rd period - Shot Misses the Net.
10:47 of 3rd period - Slapshot by Viktor Stalberg.
10:47 of 3rd period - Shot Misses the Net.
10:49 of 3rd period - Snap shot by Victor Oreskovich.
10:49 of 3rd period - Stopped by Jean-Sébastien Giguère without a rebound.
10:50 of 3rd period - Brooks Laich wins face-off versus Eric Lindros in Nordiques zone.
11:16 of 3rd period - Jonathan Matsumoto is hit by Dave Bolland and loses puck.
11:23 of 3rd period - Wrist shot by Dainius Zubrus.
11:23 of 3rd period - Shot Misses the Net.
11:25 of 3rd period - Slapshot by Scott Hartnell.
11:25 of 3rd period - Stopped by Jean-Sébastien Giguère without a rebound.
11:26 of 3rd period - Dave Bolland wins face-off versus Brooks Laich in Nordiques zone.
11:27 of 3rd period - Slapshot by Scott Hartnell.
11:27 of 3rd period - Stopped by Jean-Sébastien Giguère with a rebound.
11:29 of 3rd period - Snap shot by Dainius Zubrus.
11:29 of 3rd period - Shot Misses the Net.
11:31 of 3rd period - Wrist shot by Dainius Zubrus.
11:31 of 3rd period - Shot Blocked by Brooks Laich.
11:33 of 3rd period - Wrist shot by Dainius Zubrus.
11:33 of 3rd period - Stopped by Jean-Sébastien Giguère without a rebound.
11:34 of 3rd period - Brooks Laich wins face-off versus Dave Bolland in Nordiques zone.
11:34 of 3rd period - Brooks Laich is hit by Scott Hartnell.
12:06 of 3rd period - Wrist shot by Scott Hartnell.
12:06 of 3rd period - Stopped by Jean-Sébastien Giguère without a rebound.
12:07 of 3rd period - Eric Lindros wins face-off versus Jonathan Matsumoto in Nordiques zone.
12:08 of 3rd period - Snap shot by Wojtek Wolski.
12:08 of 3rd period - Shot Blocked by Matt Smaby.
12:10 of 3rd period - Snap shot by Zdeno Chara.
12:10 of 3rd period - Shot Blocked by Matt Smaby.
12:12 of 3rd period - Snap shot by Andrew Alberts.
12:12 of 3rd period - Shot Misses the Net.
12:36 of 3rd period - Minor Penalty to Jeff Carter for Slashing.
12:37 of 3rd period - Andrei Kostitsyn wins face-off versus Matt Hendricks in Bruins zone.
13:02 of 3rd period - Ed Jovanovski is hit by Vitali Yachmenev and loses puck.
14:27 of 3rd period - Jordan Leopold is hit by Matt Cooke.
14:36 of 3rd period - Penalty to Jeff Carter is over, Jeff Carter is back on ice.
14:55 of 3rd period - Viktor Stalberg is hit by Janne Niskala and loses puck.
15:23 of 3rd period - Slapshot by Christoph Schubert.
15:23 of 3rd period - Stopped by Jean-Sébastien Giguère without a rebound.
15:24 of 3rd period - Eric Lindros wins face-off versus Jonathan Matsumoto in Nordiques zone.
15:27 of 3rd period - Snap shot by Eric Lindros.
15:27 of 3rd period - Stopped by Jean-Sébastien Giguère without a rebound.
15:28 of 3rd period - Eric Lindros wins face-off versus Jonathan Matsumoto in Nordiques zone.
16:36 of 3rd period - Slapshot by Wojtek Wolski.
16:36 of 3rd period - Shot Misses the Net.
16:59 of 3rd period - Matt Cooke is hit by Chris Pronger and loses puck.
17:25 of 3rd period - Matt Hendricks is hit by Brooks Laich and loses puck.
17:36 of 3rd period - Tyler Arnason is hit by Christoph Schubert and loses puck.
18:17 of 3rd period - Colin Fraser is hit by Mark Stuart and loses puck.
18:24 of 3rd period - Vitali Yachmenev is hit by Ryan Bayda and loses puck.
18:44 of 3rd period - Ryan O'Byrne is hit by Ryan Bayda and loses puck.
18:53 of 3rd period - Snap shot by Wojtek Wolski.
18:53 of 3rd period - Stopped by Jean-Sébastien Giguère with a rebound.
18:55 of 3rd period - Snap shot by Vitali Yachmenev.
18:55 of 3rd period - Shot Misses the Net.
19:03 of 3rd period - Wojtek Wolski is hit by Ed Jovanovski and loses puck.
19:38 of 3rd period - Slapshot by Colin Fraser.
19:38 of 3rd period - Stopped by Evgeni Nabokov without a rebound.
19:39 of 3rd period - Jeff Carter wins face-off versus Peter Prucha in Bruins zone.
Goals for this period are 0 for Nordiques vs 1 for Bruins.
Shots for this period are 7 for Nordiques vs 14 for Bruins.
Output by the SimonT Hockey Simulator (STHS) for François Prévost -- Original Page W3C XHTML 1.0 Valid